 Dungeon Crawl Stone Soup version 0.26-a0-489-g112e8ad46e (webtiles) character file.

Game seed: 1282876054034479176

2282 KristoblXynda the Slasher (level 9, -2/74 HPs)
             Began as a Black Draconian Gladiator on Aug 3, 2020.
             Was a Priest of Cheibriados.
             Slain by a hippogriff (3 damage)
             ... while petrified by a basilisk
             ... on level 8 of the Dungeon.
             The game lasted 00:12:02 (8862 turns).

KristoblXynda the Slasher (DrGl)                    Turns: 8862, Time: 00:12:03

Health: -2/74      AC: 11    Str: 24    XL:     9   Next: 16%
Magic:  12/12      EV:  2    Int: 19    God:    Cheibriados [***...]
Gold:   210        SH:  0    Dex: 19    Spells: 8/8 levels left

rFire    . . .     SeeInvis .   a - +0 long sword
rCold    . . .     Faith    .   (no shield)
rNeg     + + +     Spirit   .   (armour unavailable)
rPois    ∞         Reflect  .   b - +0 hat
rElec    +         Harm     .   (no cloak)
rCorr    +         Clarity  +   y - +2 pair of gloves {archery}
MR       +....                  H - +0 pair of boots
Stlth    ++........             h - amulet of the acrobat
HPRegen  0.22/turn              E - ring of resist corrosion
MPRegen  0.13/turn              (no ring)

@: petrified, very slow
A: breathe lightning, unfitting armour, stinger 1, clarity, magic resistance 1,
electricity resistance, wild magic 1, cold-blooded, AC +7
a: Breathe Lightning, Bend Time, Temporal Distortion, Renounce Religion


You were on level 8 of the Dungeon.
You worshipped Cheibriados.
Cheibriados was most pleased with you.
You visited 2 branches of the dungeon, and saw 9 of its levels.

You collected 259 gold pieces.
You spent 49 gold pieces at shops.

Inventory:

Hand Weapons
 a - a +0 long sword (weapon)
Missiles
 c - 2 throwing nets (quivered)
Armour
 b - a +0 hat (worn)
 y - a +2 pair of gloves of archery (worn)
 H - a +0 pair of boots (worn)
Jewellery
 h - an amulet of the acrobat (around neck)
 j - an uncursed amulet of magic regeneration {unknown}
 B - an uncursed amulet of faith {unknown}
 E - a ring of resist corrosion (left hand)
Wands
 s - a wand of iceblast (7)
 A - a wand of disintegration (7)
 C - a wand of acid (9)
Scrolls
 d - a scroll of enchant weapon {unknown}
 e - 2 scrolls of magic mapping {unknown}
 f - 3 scrolls of teleportation
 i - a scroll of random uselessness {unknown}
 k - 6 scrolls of remove curse
 m - 2 scrolls of fear {unknown}
 o - a scroll of enchant armour {unknown}
 r - a scroll of amnesia {unknown}
 t - a scroll of fog {unknown}
 u - a scroll of immolation {unknown}
 F - a scroll of holy word {unknown}
Potions
 g - 4 potions of curing
 l - 2 potions of flight
 n - a potion of stabbing {unknown}
 p - a potion of magic
 q - 3 potions of brilliance {unknown}
 v - a potion of invisibility
 w - a potion of might {unknown}
 x - a potion of heal wounds
 z - 3 potions of lignification
 G - a potion of ambrosia {unknown}


   Skills:
 - Level 5.4 Fighting
 + Level 7.2 Long Blades
 - Level 2.0 Throwing
 + Level 6.5 Dodging
 + Level 4.7 Invocations
 + Level 4.3 Evocations


You had 8 spell levels left.
You didn't know any spells.
Your spell library contained the following spells:

 Spells                   Type           Power        Failure   Level
 Corona                   Hex            #......      28%         1
 Slow                     Hex            #.......     38%         2
 Inner Flame              Hex/Fire       #.......     61%         3
 Portal Projectile        Hex/Tloc       #.....       61%         3
 Cause Fear               Hex            #.........   94%         4
 Leda's Liquefaction      Hex/Erth       #.........   94%         4


Dungeon Overview and Level Annotations

Branches:
Dungeon (8/15)             Temple (1/1) D:5
   Lair: D:8-11

Altars:
Ashenzari
Cheibriados
Dithmenos
Elyvilon
Fedhas
Gozag
Hepliaklqana
Kikubaaqudgha
Makhleb
Nemelex Xobeh
Okawaru
Qazlal
Ru
Sif Muna
Trog
Vehumet
Wu Jian
Xom
Yredelemnul
Zin
The Shining One

Shops:
D:4 ?   D:6 !   D:7 [!?[

Annotations:
D:4 2 runed translucent doors, Tinttamiau's ghost, amateur NaFi


Innate Abilities, Weirdness & Mutations

You can breathe wild blasts of lightning.
Your glossy black scales are hard. (AC +7)
You cannot fit into any form of body armour.
You are resistant to electric shocks. (rElec)
You are cold-blooded and may be slowed by cold attacks.
Your tail ends in a poisonous barb.
You possess an exceptional clarity of mind.
You are resistant to hostile enchantments. (MR+)
Your spells are a little harder to cast, but a little more powerful.


Message History

* * * LOW HITPOINT WARNING * * *
The basilisk bites you but does no damage.
The hippogriff bites you but does no damage.
The hippogriff pecks you but does no damage.
The hippogriff claws you but does no damage.
The yak completely misses you.
The basilisk bites you but does no damage.
The hippogriff bites you.
* * * LOW HITPOINT WARNING * * *
The hippogriff pecks you but does no damage.
The hippogriff claws you but does no damage.
The yak gores you.
* * * LOW HITPOINT WARNING * * *
The basilisk bites you.
* * * LOW HITPOINT WARNING * * *
The hippogriff bites you!
* * * LOW HITPOINT WARNING * * *
The hippogriff pecks you but does no damage.
The hippogriff claws you.
You die...

......... ...
......... ...
#........ ..P.
#.=...... #....
#........
##...###........
.......l))......
.......H@)......
##....#Y########
+... #<..# #..
#...# #. ##+## #


You could see a hippogriff, a yak and a basilisk.

Vanquished Creatures
  Edmund (D:4)
  A water moccasin (D:7)
  A sky beast (D:6)
  3 ogres
  A black bear (D:6)
  A necrophage (D:7)
  4 bullfrogs
  2 howler monkeys
  A jelly (D:5)
  5 orc priests
  A hound (D:6)
  A gnoll shaman (D:6)
  2 iguanas
  Terence (D:2)
  Jessica (D:3)
  10 orc wizards
  Natasha (twice) (D:4)
  8 worker ants
  A hound skeleton (D:6)
  A worker ant zombie (D:5)
  Robin (D:2)
  A howler monkey skeleton (D:6)
  9 gnolls
  7 adders
  A shadow imp (D:8)
  A white imp (D:7)
  An ooze (D:1)
  2 adder zombies
  An adder skeleton (D:7)
  3 worms
  3 dart slugs
  4 leopard geckos
  23 orcs
  9 bats
  8 giant cockroaches
  12 goblins
  9 hobgoblins
  4 jackals (D:1)
  3 quokkas
  4 frilled lizards
  A jackal skeleton (D:4)
  8 kobolds
  2 leopard gecko skeletons
  9 rats
174 creatures vanquished.

Notes
Turn   | Place    | Note
-------+----------+-------------------------------------------
     0 | D:1      | KristoblXynda the Draconian Gladiator began the quest for
                  | the Orb.
     0 | D:1      | Reached XP level 1. HP: 17/17 MP: 1/1
   300 | D:1      | Reached XP level 2. HP: 17/25 MP: 2/2
  1117 | D:2      | Reached XP level 3. HP: 30/30 MP: 3/3
  1790 | D:2      | Reached XP level 4. HP: 38/38 MP: 4/4
  2335 | D:3      | Noticed Terence
  2370 | D:3      | Noticed Robin
  2402 | D:2      | Killed Terence
  2402 | D:2      | Reached skill level 4 in Long Blades
  2779 | D:2      | Killed Robin
  2779 | D:2      | Reached XP level 5. HP: 46/46 MP: 5/5
  3400 | D:3      | Noticed Jessica
  3410 | D:3      | Killed Jessica
  3570 | D:4      | Reached XP level 6. HP: 47/52 MP: 6/6
  3884 | D:4      | Found a sacrificial altar of Ru.
  3989 | D:4      | Found an ancient bone altar of Kikubaaqudgha.
  4149 | D:4      | Found a large runed translucent door.
  4149 | D:4      | Found a large runed translucent door.
  4150 | D:4      | Noticed Tinttamiau's ghost (amateur NaFi)
  4162 | D:4      | Found Wevvanae's Magic Scroll Shop.
  4162 | D:4      | Noticed Natasha
  4167 | D:4      | Killed Natasha
  4334 | D:4      | Noticed Natasha
  4342 | D:4      | Killed Natasha
  4479 | D:4      | Noticed Edmund
  4500 | D:4      | Killed Edmund
  4500 | D:4      | Reached skill level 5 in Fighting
  4500 | D:4      | Reached skill level 5 in Long Blades
  4859 | D:5      | Entered Level 5 of the Dungeon
  4922 | D:5      | Gained mutation: You possess an exceptional clarity of
                  | mind. [potion of mutation]
  4922 | D:5      | Gained mutation: You are clumsy. (Dex -2) [potion of
                  | mutation]
  4922 | D:5      | Gained mutation: You expend magic power (3 MP) to
                  | strengthen your wands. [potion of mutation]
  4923 | D:5      | Lost mutation: You are clumsy. (Dex -2) [potion of
                  | mutation]
  4923 | D:5      | Lost mutation: You expend magic power (3 MP) to strengthen
                  | your wands. [potion of mutation]
  4923 | D:5      | Gained mutation: Your spells are a little harder to cast,
                  | but a little more powerful. [potion of mutation]
  4923 | D:5      | Gained mutation: You are resistant to hostile enchantments.
                  | (MR+) [potion of mutation]
  4923 | D:5      | Gained mutation: Your tail ends in a poisonous barb.
                  | [potion of mutation]
  5033 | D:5      | Found a staircase to the Ecumenical Temple.
  5039 | D:5      | Your scales start taking on a glossy black colour.
  5039 | D:5      | Reached XP level 7. HP: 61/61 MP: 7/7
  5039 | D:5      | Gained mutation: You are resistant to electric shocks.
                  | (rElec) [Black Draconian growth]
  5047 | Temple   | Entered the Ecumenical Temple
  5252 | Temple   | Became a worshipper of Cheibriados the Contemplative
  5362 | D:5      | Found a glowing silver altar of Zin.
  5389 | D:5      | Reached skill level 5 in Dodging
  6066 | D:5      | Reached skill level 1 in Invocations
  6066 | D:5      | Reached skill level 1 in Evocations
  6504 | D:6      | Reached * piety under Cheibriados
  6523 | D:6      | Reached XP level 8. HP: 50/69 MP: 9/9
  6556 | D:6      | Reached skill level 6 in Long Blades
  6823 | D:6      | Found a radiant altar of Vehumet.
  7197 | D:6      | Found Hoos's Distillery.
  7215 | D:6      | Bought a potion of lignification for 36 gold pieces
  7915 | D:7      | Reached ** piety under Cheibriados
  8051 | D:7      | Found a sparkling altar of Nemelex Xobeh.
  8055 | D:7      | Found a stormy altar of Qazlal.
  8105 | D:7      | Found Gain Nuziro's Armour Emporium.
  8107 | D:7      | Found Hiorosasm's Distillery.
  8107 | D:7      | Found Zanu's Magic Scroll Emporium.
  8109 | D:7      | Found Wessui Uloi's Antique Armour Emporium.
  8200 | D:7      | Bought a potion of degeneration for 13 gold pieces
  8311 | D:7      | Found a basalt altar of Yredelemnul.
  8376 | D:7      | Identified the cursed +1 ring mail of Honesty {rElec Dex+4}
  8423 | D:7      | Reached skill level 7 in Long Blades
  8426 | D:7      | Reached *** piety under Cheibriados
  8426 | D:7      | Reached XP level 9. HP: 53/74 MP: 12/12
  8562 | D:7      | Found a burning altar of Makhleb.
  8565 | D:7      | Found an ornate altar of the Wu Jian Council.
  8862 | D:8      | HP: 1/74 [hippogriff (4)]
  8862 | D:8      | Slain by a hippogriff

Illustrated notes

Levels and vault maps discovered:
D:1:      dpeg_arrival_oval, layout_basic, chequers_big_river
D:2:      minmay_chambers_of_twos, layout_loops_ring
D:3:      layout_rooms, uniq_terence, uniq_robin, uniq_jessica
D:4:      layout_basic, kennysheep_little_box, nicolae_ru_awakened_eye,
          serial_shops, nicolae_shop_crystal, ebering_ghost_disaster_area,
          uniq_natasha, uniq_edmund
D:5:      layout_gridville, zin_scriptorium, temple_fountains
D:6:      layout_basic, lemuel_round_altar, serial_shops, nicolae_shop_stone
D:7:      layout_cave_pools, grunt_temple_overflow_open, kennysheep_mini,
          nemelex_xobeh_ov_fountains_minmay, basic_altar,
          minmay_shop_grid_forest
D:8:      layout_gridville, david_lair_generic, serial_shops,
          nicolae_shop_trees, shop, nicolae_shop_trees, shop, nicolae_shop_trees
Temple:   nicolae_temple_figure_eight

Skill      XL: |  1  2  3  4  5  6  7  8 |
---------------+-------------------------+-----
Throwing       | 2 |  2.0
Dodging        | 3 4 5 6 |  6.5
Fighting       | 3 4 5 |  5.4
Long Blades    | 4 5 7 |  7.2
Invocations    | 2 4 |  4.7
Evocations     | 2 4 |  4.3

Action                   |  1- 3 |  4- 6 |  7- 9 || total
-------------------------+-------+-------+-------++-------
Melee: Long sword        |    78 |   215 |   263 ||   556
       Tailslap          |     9 |    38 |    50 ||    97
Throw: Throwing net      |       |     1 |       ||     1
Evoke: Wand              |       |     1 |       ||     1
  Use: Potion            |     1 |     3 |       ||     4
       Scroll            |       |     8 |     2 ||    10
 Stab: Held in net/web   |       |     1 |       ||     1
       Sleeping          |       |       |     2 ||     2
Armor: Skin              |    28 |    54 |   115 ||   197
Dodge: Dodged            |    82 |   173 |   221 ||   476
       Rpst.: Long sword |    27 |    57 |    58 ||   142

Table legend: (Time is in decaauts)
 A = Elapsed time spent in this place.
 B = Non-inter-level travel time spent in this place.
 C = Inter-level travel time spent in this place.
 D = Time resting spent in this place.
 E = Time spent auto-exploring this place.
 F = Levels seen in this place.
 G = Mean time per level.
                   A        B        C        D        E       F      G
               +--------+--------+--------+--------+--------+-----+--------+
         Total |   9756 |   9478 |    278 |   2387 |   5389 |   9 | 1084.0 |
       Dungeon |   9538 |   9271 |    267 |   2387 |   5214 |   8 | 1192.2 |
        Temple |    218 |    207 |     11 |      0 |    175 |   1 |  218.0 |
               +--------+--------+--------+--------+--------+-----+--------+

Top non-repeatable levels by time:
     D:6: 1826 daAuts
     D:5: 1550 daAuts
     D:2: 1468 daAuts
     D:4: 1349 daAuts
     D:7: 1177 daAuts
     D:3: 1076 daAuts
     D:1: 1043 daAuts
  Temple: 218 daAuts
     D:8: 45 daAuts
